 Dungeon Crawl Stone Soup version 0.27-a0-1359-ga2a4dfd6fd (webtiles) character file.

Game seed: 3896201364167725171

52 Sobieck the Ruffian (level 3, -1/20 HPs)
             Began as a Vine Stalker Berserker on June 28, 2021.
             Was a Follower of Trog.
             Succumbed to an orc wizard's poison
             ... on level 3 of the Dungeon.
             The game lasted 00:02:32 (1645 turns).

Sobieck the Ruffian (Vine Stalker Berserker)        Turns: 1645, Time: 00:02:33

Health: -1/20      AC:  2    Str: 20    XL:     3   Next: 85%
Magic:  2/4        EV: 12    Int:  7    God:    Trog [*.....]
Gold:   117        SH:  0    Dex: 13    Spells: 2/2 levels left

rFire    . . .     SeeInvis .     - Unarmed
rCold    . . .     Faith    .   (no shield)
rNeg     . . .     Spirit   +   a - +0 animal skin
rPois    .         Reflect  .   (no helmet)
rElec    .         Harm     .   (no cloak)
rCorr    .         Rampage  .   (no gloves)
Will     .....                  (no boots)
Stlth    +.........             (no amulet)
HPRegen  0.06/turn              (no ring)
MPRegen  0.09/turn              (no ring)

@: lethally poisoned (-1 -> -9), on berserk cooldown, slowed, very slow
A: fangs 2, magic shield, antimagic bite, no potion heal 2
a: Renounce Religion, Berserk


You were on level 3 of the Dungeon.
You worshipped Trog.
Trog was aware of your devotion.
You visited 1 branch of the dungeon, and saw 4 of its levels.

You collected 117 gold pieces.


Innate Abilities, Weirdness & Mutations

You have extremely sharp teeth.
When hurt, damage is shared between your health and your magic reserves.
Your bite disrupts and absorbs the magic of your enemies.
Potions cannot restore your health.


   Skills:
 + Level 3.2 Fighting
 - Level 1.5 Armour
 - Level 1.5 Dodging
 * Level 4.2 Unarmed Combat


You had 2 spell levels left.
You didn't know any spells.
Your spell library contained the following spells:

 Spells                   Type           Power      Damage    Failure   Level
 Beastly Appendage        Tmut           0%         N/A       43%         1
 Wereblood                Tmut           0%         N/A       56%         2
 Spider Form              Tmut/Pois      0%         N/A       80%         3
 Ice Form                 Ice/Tmut       0%         N/A       99%         4

Inventory:

Missiles
 b - 59 stones {throwing}
 g - 18 bolts
 j - 6 poisoned darts (quivered) {throwing}
 k - 18 arrows
Armour
 a - a +0 animal skin (worn)
Scrolls
 f - a scroll of teleportation {unknown}
 h - a scroll of identify {unknown}
Potions
 c - a potion of invisibility {unknown}
 d - a potion of ambrosia {unknown}
 e - a potion of flight {unknown}
 i - a potion of haste {unknown}
 l - 3 potions of curing {unknown}

Dungeon Overview and Level Annotations

Branches:
Dungeon (4/15)
 Temple: D:4-7

Altars:

....... #.......
#...... ...###
#.##....#
......###.##....#
..........##....#
..........#>....#
..........#@....#
..............>.#
.<........#.....#
#..<.....>).#
#..†........#
#.....#.....#
#######.....#
#..^.## #.....#


There were no monsters in sight!


Message History

You barely miss the hobgoblin.
You bite the hobgoblin, but do no damage.
The hobgoblin misses you.
You barely miss the hobgoblin. Your bite misses the hobgoblin.
The hobgoblin hits you but does no damage.
You hit the hobgoblin.
You kill the hobgoblin!
Trog accepts your kill.
No target in view!
(D) Dungeon
Where to? (Enter - D:3, ? - help)
Found a stone staircase leading down.
There is a stone staircase leading down here.
You climb downwards. 3 orcs and an orc wizard come into view.
The orc wizard is wielding a +0 dagger of venom.
The orc shouts!
You hear a shout!
The orc shouts!
There is a stone staircase leading up here.
You throw a poisoned dart {throwing}.
The poisoned dart {throwing} hits the orc wizard.
The orc wizard is poisoned.
The orc wizard shouts!
An orc comes into view. It is wielding a +0 short sword.
A red film seems to cover your vision as you go berserk!
You feel yourself moving faster!
You feel mighty! 😎 HP[+10]
You now have 30 max hp (+10).
Your hp is fully restored (30).
You barely miss the orc wizard. Your bite misses the orc wizard.
The orc wizard hits you with a +0 dagger of venom.
You are poisoned. 😕 HP[-1] MP[-1]
You take 1 damage, and now have 29/30 hp.
You lost 1 mp, and now have 3/4 mp.
You hit the orc wizard.
You feel sick.
The orc wizard hits you with a +0 dagger of venom.
You are more poisoned. 😕 HP[-4] MP[-1]
You take 4 damage, and now have 25/30 hp.
You lost 1 mp, and now have 2/4 mp.
You hit the orc wizard. Your bite misses the orc wizard.
You feel very sick. 😕 HP[-2]
You take 2 damage, and now have 23/30 hp.
You feel very sick.
The orc wizard hits you with a +0 dagger of venom.
You are lethally poisoned!
You climb upwards.
You feel a strong urge to attack something.
* * * LOW HITPOINT WARNING * * *
You feel very sick.
There is a stone staircase leading down here. 😨 HP[-8]
You take 8 damage, and now have 15/30 hp.
MASSIVE DAMAGE!! (PAUSE)
You closely miss the orc wizard. Your bite misses the orc wizard.
* * * LOW HITPOINT WARNING * * *
You feel very sick.
The orc wizard gestures wildly while chanting.
The orc wizard flickers and vanishes!
Deactivating autopickup; reactivate with Ctrl-A. 😨 HP[-3]
You take 3 damage, and now have 12/30 hp.
You closely miss something. Your bite misses something.
* * * LOW HITPOINT WARNING * * *
You feel very sick. 😨 HP[-3]
You take 3 damage, and now have 9/30 hp.
Unknown command.
You miss something. You bite something. Trog accepts your kill.
Trog appreciates your killing of a magic user.
Reactivating autopickup.
You feel a bit more experienced.
* * * LOW HITPOINT WARNING * * *
You feel sick.
Your Unarmed Combat skill increases to level 4! 😱 HP[-2]
You take 2 damage, and now have 7/30 hp.
* * * LOW HITPOINT WARNING * * *
You feel sick.
Things that are here:
a +0 dagger of venom {short}; a +0 robe; 😱 HP[-2]
You take 2 damage, and now have 5/30 hp.
Unknown command.
There is a lethal amount of poison in your body!
Unknown command.
You feel a strong urge to attack something.
* * * LOW HITPOINT WARNING * * *
You feel sick. 😱 HP[-1]
You take 1 damage, and now have 4/30 hp.
Unknown command.
You are no longer berserk.
You are exhausted.
You feel yourself slow down.
* * * LOW HITPOINT WARNING * * *
You feel sick. 😱 HP[-3]
You now have 20 max hp (-10).
You die...

Skill      XL: |  1  2  3 |
---------------+----------+-----
Fighting       | 3 |  3.2
Unarmed Combat | 4 |  4.2
Armour         | |  1.5
Dodging        | |  1.5

Action                   || total
-------------------------++-------
Melee: Unarmed           ||    73
       Bite              ||    16
       Punch             ||     1
Throw: Stone             ||    43
       Dart              ||     2
Invok: Berserk           ||     2
 Stab: Sleeping          ||     1
Armor: Animal skin       ||    14
Dodge: Dodged            ||    52

Levels and vault maps discovered:
D:1:      wander_arrival_estate, layout_loops_corners
D:2:      layout_rooms, serial_aquarium, aquarium_bridge_square
          [aquarium_subvault_wall, aquarium_subvault_wall,
          aquarium_subvault_window, aquarium_subvault_bridge],
          aquarium_bridge_long_separate [aquarium_subvault_wall,
          aquarium_subvault_bridge, aquarium_subvault_wall,
          aquarium_subvault_wall, aquarium_subvault_window,
          aquarium_subvault_bridge], aquarium_window_corridor_1,
          aquarium_window_2, aquarium_window_corner, aquarium_view_2g,
          aquarium_balcony_3a
D:3:      cheibrodos_greedy_goblins, layout_rooms, serial_curves,
          eino_curves_02, eino_curves_04, eino_curves_04, eino_curves_03,
          minmay_close_crescents
D:4:      layout_basic, serial_shops, shop, gammafunk_ghost_arena

Notes
Turn   | Place    | Note
-------+----------+-------------------------------------------
     0 | D:1      | Sobieck the Vine Stalker Berserker began the quest for the
                  | Orb.
     0 | D:1      | Reached XP level 1. HP: 11/11 MP: 2/2
     0 | D:1      | magus.rc [v1.9.6]
   585 | D:1      | You pick up a book of Changes {forbidden} and begin
                  | reading...
   585 | D:1      | You add the spells Beastly Appendage, Wereblood, Spider
                  | Form and Ice Form to your library.
   618 | D:1      | Reached XP level 2. HP: 16/16 MP: 3/3
  1030 | D:1      | Reached skill level 3 in Fighting
  1597 | D:2      | Reached XP level 3. HP: 20/20 MP: 4/4
  1641 | D:3      | HP: 7/30 [poisoned by an orc wizard]
  1642 | D:3      | Reached skill level 4 in Unarmed Combat
  1644 | D:3      | HP: 1/20 [poisoned by an orc wizard]
  1645 | D:3      | Succumbed to an orc wizard's poison

Vanquished Creatures
  An orc wizard (D:3)
  A worm (D:2)
  A dart slug (D:1)
  3 ball pythons (D:1)
  A giant cockroach (D:2)
  3 goblins (D:1)
  3 hobgoblins
  5 bats
  A frilled lizard (D:1)
  5 kobolds
24 creatures vanquished.

Table legend:
 A = Non-vault XP
 B = Vault XP
 C = Vault XP percentage of total XP
 D = Non-vault monster count
 E = Vault monster count
 F = Vault count percentage of total count
                 A         B        C        D         E       F
            +---------+---------+-------+---------+---------+-------
      Total |      75 |       0 |   0.0 |      24 |       0 |   0.0
            +---------+---------+-------+---------+---------+-------
        D:1 |      23 |       0 |   0.0 |      15 |       0 |   0.0
        D:2 |      15 |       0 |   0.0 |       7 |       0 |   0.0
        D:3 |      37 |       0 |   0.0 |       2 |       0 |   0.0
            +---------+---------+-------+---------+---------+-------

Illustrated notes

Table legend:
 A = Kills in this place as a percentage of kills in entire the game.
 B = Kills by you in this place as a percentage of kills by you in the entire game.
 C = Kills by friends in this place as a percentage of kills by friends in the entire game.
 D = Other kills in this place as a percentage of other kills in the entire game.
 E = Experience gained in this place as a percentage of experience gained in the entire game.
 F = Experience gained in this place divided by the number of levels of this place that you have seen.
                   A       B       C       D       E      F
               +-------+-------+-------+-------+-------+----------------------
         Total | 100.0 | 100.0 |   N/A |   N/A | 100.0 |  18.8
       Dungeon | 100.0 | 100.0 |   N/A |   N/A | 100.0 |  18.8
               +-------+-------+-------+-------+-------+----------------------

Table legend: (Time is in decaauts)
 A = Elapsed time spent in this place.
 B = Non-inter-level travel time spent in this place.
 C = Inter-level travel time spent in this place.
 D = Time resting spent in this place.
 E = Time spent auto-exploring this place.
 F = Levels seen in this place.
 G = Mean time per level.
                   A        B        C        D        E       F      G
               +--------+--------+--------+--------+--------+-----+--------+
         Total |   1653 |   1569 |     84 |    277 |   1081 |   4 |  413.2 |
       Dungeon |   1653 |   1569 |     84 |    277 |   1081 |   4 |  413.2 |
               +--------+--------+--------+--------+--------+-----+--------+

Top non-repeatable levels by time:
     D:1: 1210 daAuts
     D:2: 418 daAuts
     D:3: 19 daAuts
     D:4: 5 daAuts
